 Dungeon Crawl Stone Soup version 0.28-a0-991-g956f0ee3d5 (webtiles) character file.

Game seed: 1970497888922724661

42 vurker the Gusty (level 3, 0/15 HPs)
             Began as a Felid Air Elementalist on Dec 4, 2021.
             Slain by a worm (8 damage)
             ... on level 2 of the Dungeon.
             The game lasted 00:01:12 (1783 turns).

vurker the Gusty (Felid Air Elementalist)           Turns: 1783, Time: 00:01:13

Health: 0/15       AC:  1    Str:  4    XL:     3   Next: 33%
Magic:  0/7        EV: 17    Int: 18    God:
Gold:   59         SH:  0    Dex: 16    Spells: 6/7 levels left
                                        Lives:  0   Deaths: 0

rFire   . . .      SeeInvis +   (weapon unavailable)
rCold   . . .      Faith    .   (shield unavailable)
rNeg    . . .      Spirit   .   (armour unavailable)
rPois   .          Reflect  .   (helmet unavailable)
rElec   .          Harm     .   (cloak unavailable)
rCorr   .          Rampage  .   (gloves unavailable)
Will    .....                   (boots unavailable)
Stlth   ++........              (no amulet)
HPRegen 0.05/turn               (no ring)
MPRegen 0.10/turn               (no ring)

@: quick
A: very small, claws 1, fangs 3, see invisible, speed 1, shaggy fur 1, stealthy
paws, no weapons or thrown items, no armour, multi-lived
a: no special abilities


You were on level 2 of the Dungeon.
You visited 1 branch of the dungeon, and saw 2 of its levels.

You collected 59 gold pieces.

Inventory:

Scrolls
 a - 2 scrolls of teleportation {unknown}
 b - a scroll of identify {unknown}
 c - a scroll of acquirement {unknown}
 d - a scroll of enchant armour {unknown}
Potions
 e - a potion of heal wounds {unknown}


   Skills:
 + Level 0.9 Fighting
 - Level 2.6 Dodging
 - Level 2.6 Stealth
 * Level 2.6 Spellcasting
 + Level 1.4 Conjurations
 * Level 3.2 Air Magic


You had 6 spell levels left.
You knew the following spells:

 Your Spells              Type           Power      Damage    Failure   Level
a - Shock                 Conj/Air       40%        1d5       7%          1

Your spell library contained the following spells:

 Spells                   Type           Power      Damage    Failure   Level
 Static Discharge         Conj/Air       10%        N/A       10%         2
 Swiftness                Air            13%        N/A       14%         3
 Apportation              Tloc           4%         N/A       17%         1
 Mephitic Cloud           Conj/Pois/Air  7%         N/A       26%         3
 Airstrike                Air            6%         N/A       41%         4
 Ignite Poison            Fire/Tmut/Pois 2%         N/A       45%         3
 Freezing Cloud           Conj/Ice/Air   3%         6-21      94%         5
 Alistair's Intoxication  Tmut/Pois      1%         N/A       99%         5


Dungeon Overview and Level Annotations

Branches:
Dungeon (2/15)

Altars:

Annotations:
D:2 Sigmund


Innate Abilities, Weirdness & Mutations

You have sharp claws.
You have razor-sharp teeth.
You have supernaturally acute eyesight. (SInv)
You cover ground quickly. (Speed+)
You are covered in fur. (AC +1)
Your paws help you pounce on unaware monsters.
You are incapable of wielding weapons or throwing items.
You cannot wear armour.
You gain extra lives every three experience levels.


Message History

An endoplasm is nearby!
Aim: an endoplasm (moderately wounded, 97% to hit)
The zap hits the endoplasm.
An endoplasm is nearby!
Aim: an endoplasm (heavily wounded, 97% to hit)
The zap hits the endoplasm.
You kill the endoplasm!
Your magical contamination has completely faded away.
You see here 14 sling bullets.
Found 11 gold pieces.
You can't see any susceptible monsters within range! (Use Z to cast anyway.)
You now have 59 gold pieces (gained 11).
You can't see any susceptible monsters within range! (Use Z to cast anyway.)
An endoplasm comes into view.
Aim: an endoplasm (asleep, 100% to hit)
The zap hits the endoplasm.
The endoplasm quivers.
An endoplasm is nearby!
Aim: an endoplasm (almost dead, 97% to hit)
The zap hits the endoplasm.
You kill the endoplasm!
Sigmund the Dreaded comes into view.
He is wielding a +0 scythe.
A worm and a hobgoblin come into view.
There are monsters nearby!
There are monsters nearby!
Aim: a worm (asleep, 100% to hit)
The zap hits the worm.
The hobgoblin shouts!
You hear a shout!
Aim: a worm (lightly wounded, 89% to hit)
The zap hits the worm.
You can't see any susceptible monsters within range! (Use Z to cast anyway.)
A hobgoblin is nearby!
The zap hits the hobgoblin.
The zap misses the hobgoblin.
The zap hits the hobgoblin.
You kill the hobgoblin!
You miscast Shock.
You are very lightly contaminated with residual magic.
Nothing appears to happen.
The zap hits the worm. x2
The zap hits the worm. x2
You don't have enough magic to cast this spell.
You don't have enough magic to cast this spell.
You scratch the worm. The worm bites you.
You scratch the worm.
The zap hits the worm. x2; The worm bites you.
Your magical contamination has completely faded away.
You scratch the worm but do no damage. You scratch the worm. You bite the worm.
The worm bites you!
Ouch! That really hurt!
You die...

#.# #.#.#.#.......###.# #.#
#.#(#.#.......###.######## #<#
#.#.#.#.####..............
#######.#...).......... .......
#.......#>............. .......
##.#######.###.#.#########.###.##
#..........#...#.# ..........
#########..#.#.#.# .##.###.##
#..#.###@# #.## #..#.# #w# #..#
#..#.# #†# ##.# #..#.# #........
#.. #..#.# ####...## ##. #..#.#
..# ## #..#.# .# ##. #..#.# # #..
####..#.# ##.


You could see a worm.

Vanquished Creatures
  A dart slug (D:1)
  2 ball pythons
  4 endoplasms
  3 giant cockroaches (D:1)
  2 goblins (D:2)
  4 hobgoblins
  3 jackals (D:1)
  5 kobolds (D:1)
  3 quokkas (D:1)
  2 bats (D:1)
  2 frilled lizards
  A rat (D:1)
32 creatures vanquished.

Notes
Turn   | Place    | Note
-------+----------+-------------------------------------------
     0 | D:1      | vurker the Felid Air Elementalist began the quest for the
                  | Orb.
     0 | D:1      | Reached XP level 1. HP: 7/7 MP: 4/4
   274 | D:1      | Reached skill level 1 in Conjurations
   395 | D:1      | Found a faded altar of an unknown god.
   406 | D:1      | Reached XP level 2. HP: 12/12 MP: 1/6
   612 | D:1      | Reached skill level 3 in Air Magic
   927 | D:1      | Reached XP level 3. HP: 13/15 MP: 1/7
  1706 | D:2      | Noticed Sigmund
  1783 | D:2      | Slain by a worm

Illustrated notes

Levels and vault maps discovered:
D:1:      minmay_arrival_five_plusses, layout_basic, basic_ecumenical_altar,
          corexii_leaking_fountain
D:2:      layout_basic, minmay_misc_feat_tower, minmay_misc_feat_ornament,
          minmay_misc_feat_doors, chequers_serial_rivers_small_b, uniq_sigmund

Skill      XL: |  1  2 |
---------------+-------+-----
Conjurations   | 1 |  1.4
Air Magic      | 3 |  3.2
Fighting       | |  0.9
Dodging        | |  2.6
Stealth        | |  2.6
Spellcasting   | |  2.6

Action                   || total
-------------------------++-------
Melee: Unarmed           ||    31
       Bite              ||     4
 Cast: Shock             ||    70
Armor: Skin              ||     5
Dodge: Dodged            ||    43

Table legend: (Time is in decaauts)
 A = Elapsed time spent in this place.
 B = Non-inter-level travel time spent in this place.
 C = Inter-level travel time spent in this place.
 D = Time resting spent in this place.
 E = Time spent auto-exploring this place.
 F = Levels seen in this place.
 G = Mean time per level.
                   A        B        C        D        E       F      G
               +--------+--------+--------+--------+--------+-----+--------+
         Total |   1625 |   1609 |     16 |      0 |   1425 |   2 |  812.5 |
       Dungeon |   1625 |   1609 |     16 |      0 |   1425 |   2 |  812.5 |
               +--------+--------+--------+--------+--------+-----+--------+

Top non-repeatable levels by time:
     D:1: 1255 daAuts
     D:2: 370 daAuts
